 Dungeon Crawl Stone Soup version 0.18.1-48-g4cf74bf (webtiles) character file.

79278 theElss the Devastator (level 15, -2/103 HPs)
             Began as a High Elf Conjurer on Sept 10, 2016.
             Was the Champion of Vehumet.
             Killed by divine providence
             ... invoked by Saint Roka
              (17 damage)
             ... on level 2 of the Orcish Mines.
             The game lasted 02:35:37 (29471 turns).

theElss the Devastator (High Elf Conjurer)         Turns: 29471, Time: 02:35:37

Health: -2/103     AC: 18    Str:  8    XL:     15   Next: 20%
Magic:  2/34       EV: 14    Int: 26    God:    Vehumet [******]
Gold:   2203       SH:  5    Dex: 16    Spells: 9 memorised, 5 levels left

rFire  + . .     SeeInvis .     a - +2 mace (protect)
rCold  + . .     Gourm    .     j - +1 leather armour {rF+}
rNeg   . . .     Faith    .     L - +0 buckler
rPois  .         Spirit   .     i - +0 helmet
rElec  .         Dismiss  .     H - +0 cloak
rCorr  .         Reflect  .     K - +2 pair of gloves
SustAt .         Harm     .     X - +2 pair of boots
MR     +....                    G - amulet of magic regeneration
Stlth  ++........               g - ring of protection from cold
                                z - ring of flight

@: about to teleport, delayed fireball, somewhat resistant to hostile
enchantments, unstealthy
A: no striking features
a: Renounce Religion, Release Delayed Fireball, Evoke Flight


You were on level 2 of the Orcish Mines.
You worshipped Vehumet.
Vehumet was exalted by your worship.
You were not hungry.

You visited 4 branches of the dungeon, and saw 22 of its levels.
You also visited: Labyrinth.

You collected 2227 gold pieces.
You spent 24 gold pieces at shops.

Inventory:

Hand Weapons
 a - a +2 mace of protection (weapon)
 N - the +1 quarterstaff "Worm" {antimagic, MR+ Int+2}
   (You found it on level 8 of the Lair of Beasts)

   It disrupts the flow of magical energy around spellcasters and certain
   magical creatures (including the wielder).
   It affects your intelligence (+2).
   It affects your resistance to hostile enchantments.
Armour
 i - a +0 helmet (worn)
 j - a +1 leather armour of fire resistance (worn)
 H - a +0 cloak (worn)
 K - a +2 pair of gloves (worn)
 L - a +0 buckler (worn)
 X - a +2 pair of boots (worn)
Magical Staves
 I - an uncursed staff of poison
Jewellery
 g - a ring of protection from cold (right hand)
 k - an uncursed ring of see invisible
 u - an uncursed ring of stealth
 z - a ring of flight (left hand)
 G - an amulet of magic regeneration (around neck)
 W - an uncursed ring of resist corrosion
Wands
 l - a wand of lightning (1/15)
 v - a wand of hasting (4/9)
 A - a wand of flame (36/48)
 C - a wand of polymorph (6/24)
Scrolls
 b - a scroll of immolation {unknown}
 f - 7 scrolls of teleportation
 m - 5 scrolls of noise {unknown}
 o - 8 scrolls of remove curse
 r - a scroll of brand weapon {unknown}
 t - 2 scrolls of fear {unknown}
 y - 2 scrolls of torment {unknown}
 B - a scroll of recharging
 D - 4 scrolls of magic mapping
 F - 3 scrolls of enchant armour {unknown}
 J - 3 scrolls of blinking {unknown}
 O - a scroll of acquirement {unknown}
 P - 2 scrolls of fog {unknown}
 S - a scroll of vulnerability {unknown}
 U - a scroll of enchant weapon {unknown}
 V - 3 scrolls of random uselessness {unknown}
Potions
 d - 2 potions of haste
 e - 2 potions of lignification
 h - a potion of flight {unknown}
 p - 2 potions of brilliance
 q - 6 potions of curing
 x - a potion of cancellation {unknown}
 R - a potion of ambrosia {unknown}
 T - 2 potions of might {unknown}
 Z - a potion of resistance {unknown}
Comestibles
 c - 13 bread rations
 n - a meat ration
 s - 7 fruits
 w - 6 beef jerkies


   Skills:
 - Level 10.0 Fighting
 - Level 6.0 Armour
 - Level 5.0 Dodging
 - Level 2.1 Stealth
 - Level 5.0 Shields
 + Level 14.1 Spellcasting
 + Level 15.6 Conjurations
 * Level 8.3 Fire Magic
 - Level 11.2 Evocations


You had 5 spell levels left.
You knew the following spells:

 Your Spells              Type           Power        Failure   Level  Hunger
a - Magic Dart            Conj           ####         0%          1    None
b - Iskenderun's Battles  Conj/Chrm      ######..     1%          5    ##.....
c - Searing Ray           Conj           ######       0%          2    None
d - Iskenderun's Mystic   Conj           #######.     1%          4    None
e - Mephitic Cloud        Conj/Pois/Air  #####...     1%          3    None
f - Sticky Flame          Conj/Fire      ######..     1%          4    None
g - Lee's Rapid Deconstr  Erth           ###.......   47%         5    ##.....
h - Delayed Fireball      Conj/Fire      N/A          7%          7    ######.
i - Bolt of Fire          Conj/Fire      ######....   1%          6    ####...


Dungeon Overview and Level Annotations

Branches:
Dungeon (11/15)            Temple (1/1) D:5            Lair (8/8) D:9
  Swamp (0/4) Lair:3       Spider (0/4) Lair:4        Slime (0/6) Lair:7
    Orc (2/2) D:10            Elf (0/3) Orc:2

Altars:
Ashenzari
Cheibriados
Dithmenos
Elyvilon
Fedhas
Gozag
Kikubaaqudgha
Makhleb
Nemelex Xobeh
Okawaru
Pakellas
Qazlal
Ru
Sif Muna
Trog
Vehumet
Xom
Yredelemnul
Zin
The Shining One
Jiyva

Shops:
D:9 =   Orc:2 }*(

Annotations:
D:10 exclusion: oklob plant
Lair:7 exclusion: obsidian statue
Orc:2 Saint Roka


Message History

Saint Roka is almost dead.
Your battlesphere fires!
The barrage of energy hits Saint Roka.
Saint Roka is almost dead.
Your battlesphere expends the last of its energy and dissipates.
Drink which item? (? for menu, Esc to quit)
You feel much better. You block Saint Roka's attack.
Read which item? (? for menu, Esc to quit)
As you read the scroll of teleportation, it crumbles to dust.
You feel strangely unstable.
Saint Roka mumbles some strange prayers to Beogh against you.
Beogh smites you!
* * * LOW HITPOINT WARNING * * *
Unknown command.
Saint Roka mumbles some strange prayers to Beogh against you.
Beogh smites you!
* * * LOW HITPOINT WARNING * * *
Saint Roka invokes the aid of Beogh against you.
Beogh smites you!
You die...

......#..## #............##
......#...####............#
..........#.#.........[...##
..........#.)..............#
..................#........##
..#..............##...........
.#####.......o.######....<....
#######[........## #.........
.##...[.........@# #.........
.#....[.[........####.........
......[).[#......#).#.......#
.∩.#....#####....[<........##
..........##......)[......##
.#........##.....((.......#
........####.....((>.....##
........# #####..((.....#
.....#### #...(.(##)##


You could see Saint Roka.

Vanquished Creatures
  An orc warlord (Orc:2)
  Snorg (Lair:3)
  Josephine (Lair:6)
  An ogre mage (Orc:2)
  A minotaur (Lab)
  11 hydras
  2 centaur warriors (Orc:2)
  A catoblepas (Lair:7)
  Sonja (Orc:2)
  Nergalle (Lair:4)
  3 hill giants
  6 orc knights (Orc:2)
  A necromancer (Lair:5)
  Pikel (D:4)
  2 orc sorcerers
  3 cyclopes
  An ugly thing (D:10)
  3 griffons
  5 black mambas
  2 centaur zombies
  6 elephants
  2 gargoyles (D:11)
  9 spiny frogs
  A centaur skeleton (D:9)
  A rime drake (Lair:7)
  7 komodo dragons
  A jumping spider (Lair:4)
  8 polar bears
  A two-headed ogre (Orc:2)
  6 trolls
  2 spriggan druids (Lair:8)
  Grinder (D:6)
  Prince Ribbit (D:6)
  A minotaur skeleton (Lab)
  3 blink frogs (Lair:2)
  Sigmund (D:4)
  14 spriggans
  16 redbacks
  59 yaks
  2 humans (D:7)
  2 wyverns
  2 basilisks (Lair:6)
  The ghost of Arcadio the Skirmisher, an amateur CeFi of Trog (D:4)
  5 wraiths
  2 hungry ghosts
  A steam dragon (D:10)
  2 vampire mosquitoes (D:10)
  Menkaure (D:6)
  2 wargs (Orc:2)
  17 hippogriffs
  A soldier ant (D:11)
  12 porcupines
  26 water moccasins
  A swamp drake (D:10)
  6 ice beasts
  36 orc warriors
  4 black bears
  3 sky beasts
  3 wasps (Lair:8)
  18 ogres
  3 phantoms
  A slave (D:4)
  4 necrophages
  An eye of draining (D:10)
  34 wolves
  22 centaurs
  16 crocodiles
  Blork the orc (D:5)
  2 big kobolds
  A wyvern zombie (D:8)
  16 giant frogs
  A water moccasin skeleton (D:11)
  2 scorpions
  3 killer bees (D:9)
  10 howler monkeys
  18 wights
  3 electric eels
  3 crimson imps
  A wasp zombie (D:9)
  3 gnoll shamans
  4 hounds
  20 orc wizards
  Crazy Yiuf (D:5)
  3 giant frog skeletons
  4 jellies
  18 orc priests
  Jessica (D:2)
  Natasha (twice) (D:2)
  6 worker ants
  10 iguanas
  3 yak simulacra (Lair:5)
  A polar bear simulacrum (Lair:5)
  5 wolf simulacra (Lair:5)
  10 sheep (Lair:7)
  A hound zombie (D:8)
  2 hound skeletons
  2 worker ant zombies (D:8)
  Robin (D:4)
  A howler monkey skeleton (D:4)
  17 gnolls
  10 adders
  38 river rats
  An ooze (D:3)
  3 adder zombies
  2 worms
  2 dart slugs
  7 giant geckos
  71 orcs
  3 giant cockroaches
  18 goblins
  15 hobgoblins
  18 jackals
  6 quokkas
  4 ball pythons
  8 bats
  A giant gecko skeleton (D:6)
  3 giant newts
  23 kobolds
  14 rats
  2 river rat simulacra (Lair:5)
  3 fungi
  2 plants (Lair:8)
846 creatures vanquished.

Vanquished Creatures (others)
  A gnoll (Orc:2)
  An orc (Orc:1)
  A bush (Lair:8)
  17 fungi
  16 plants
36 creatures vanquished.

Grand Total: 882 creatures vanquished

Notes
Turn   | Place    | Note
--------------------------------------------------------------
     0 | D:1      | theElss the High Elf Conjurer began the quest for the Orb.
     0 | D:1      | Reached XP level 1. HP: 11/11 MP: 4/4
   223 | D:1      | Reached XP level 2. HP: 11/17 MP: 2/6
   266 | D:1      | Learned a level 2 spell: Searing Ray
   796 | D:1      | Reached skill level 5 in Conjurations
  1249 | D:2      | Reached XP level 3. HP: 10/22 MP: 0/8
  1493 | D:2      | Reached skill level 1 in Fighting
  1560 | D:2      | Found a bloodstained altar of Trog.
  1706 | D:2      | Found a radiant altar of Vehumet.
  1719 | D:2      | Became a worshipper of Vehumet
  1951 | D:2      | Noticed Jessica
  1959 | D:2      | Killed Jessica
  1959 | D:2      | Reached XP level 4. HP: 28/28 MP: 2/9
  2052 | D:2      | Found an opulent altar of Gozag.
  2219 | D:2      | Found a bloodstained altar of Trog.
  2398 | D:2      | Reached XP level 5. HP: 33/33 MP: 4/11
  2665 | D:2      | Noticed Natasha
  2669 | D:2      | Killed Natasha
  2977 | D:2      | Noticed Natasha
  2982 | D:2      | Killed Natasha
  3091 | D:3      | Reached * piety under Vehumet
  3091 | D:3      | Offered knowledge of Sting by Vehumet.
  3095 | D:3      | Reached skill level 6 in Conjurations
  3627 | D:3      | Reached XP level 6. HP: 39/39 MP: 8/13
  3832 | D:4      | Noticed Arcadio's ghost (amateur CeFi)
  3858 | D:4      | Noticed Sigmund
  3875 | D:4      | Killed Sigmund
  4087 | D:4      | Noticed a slave
  4098 | D:4      | Noticed a slave
  4099 | D:4      | Noticed a slave
  4144 | D:4      | Noticed a sky beast
  4151 | D:4      | Killed a sky beast
  4151 | D:4      | Reached skill level 5 in Spellcasting
  4151 | D:4      | Reached XP level 7. HP: 37/45 MP: 5/16
  4224 | D:4      | Killed Arcadio's ghost
  4377 | D:4      | Noticed Robin
  4406 | D:4      | Reached skill level 7 in Conjurations
  4409 | D:4      | Killed Robin
  4415 | D:4      | Learned a level 4 spell: Iskenderun's Mystic Blast
  4423 | D:4      | Reached ** piety under Vehumet
  4424 | D:4      | Offered knowledge of Sandblast by Vehumet.
  4536 | D:4      | Learned a level 5 spell: Iskenderun's Battlesphere
  4794 | D:4      | Found a stormy altar of Qazlal.
  5087 | D:4      | Noticed Pikel
  5091 | D:4      | Paralysed by Pikel for 4 turns
  5095 | D:4      | Killed Pikel
  5095 | D:4      | Reached XP level 8. HP: 54/54 MP: 1/19
  5237 | D:5      | Entered Level 5 of the Dungeon
  5308 | D:5      | Noticed Blork the orc
  5348 | D:5      | Reached skill level 8 in Conjurations
  5638 | D:5      | Killed Blork the orc
  5755 | D:5      | Found a glowing golden altar of the Shining One.
  5783 | D:5      | Found a glowing silver altar of Zin.
  5783 | D:5      | Found a burning altar of Makhleb.
  5787 | D:5      | Noticed a blizzard demon
  5787 | D:5      | Noticed an angel
  6010 | D:5      | Found a staircase to the Ecumenical Temple.
  6074 | Temple   | Entered the Ecumenical Temple
  6345 | D:5      | Reached skill level 5 in Fighting
  6372 | D:5      | Found a sacrificial altar of Ru.
  6529 | D:5      | Noticed Crazy Yiuf
  6533 | D:5      | Killed Crazy Yiuf
  6794 | D:6      | Noticed Menkaure
  6800 | D:6      | Killed Menkaure
  6800 | D:6      | Reached XP level 9. HP: 61/61 MP: 8/22
  6873 | D:6      | Offered knowledge of Mephitic Cloud by Vehumet.
  6878 | D:6      | Learned a level 3 spell: Mephitic Cloud
  6929 | D:6      | Noticed Grinder
  6934 | D:6      | Killed Grinder
  7089 | D:6      | Found a burning altar of Makhleb.
  7133 | D:6      | Found an oddly glowing altar of Pakellas.
  7135 | D:6      | Noticed Prince Ribbit
  7142 | D:6      | Killed Prince Ribbit
  7306 | D:6      | Reached skill level 9 in Conjurations
  7549 | D:6      | Reached *** piety under Vehumet
  8406 | D:7      | Found an iron altar of Okawaru.
  8416 | D:7      | Reached skill level 10 in Conjurations
  8510 | D:7      | Offered knowledge of Sticky Flame by Vehumet.
  8518 | D:7      | Learned a level 4 spell: Sticky Flame
  8561 | D:7      | Found a white marble altar of Elyvilon.
  8834 | D:7      | Reached XP level 10. HP: 68/68 MP: 18/24
  8936 | D:7      | Reached skill level 10 in Spellcasting
  9523 | D:8      | Reached skill level 11 in Conjurations
  9615 | D:8      | Reached **** piety under Vehumet
  9727 | D:8      | Got a shimmering blowgun
  9728 | D:8      | Identified the +5 blowgun "Elf's Doom" {evade, Str+4 Stlth+} (You took it off a gnoll on level 8 of the Dungeon)
  9741 | D:8      | Found a shimmering altar of Xom.
  9766 | D:8      | Offered knowledge of Lee's Rapid Deconstruction by Vehumet.
  9815 | D:8      | Learned a level 5 spell: Lee's Rapid Deconstruction
 10273 | D:9      | Reached skill level 12 in Conjurations
 10574 | D:9      | Found a staircase to the Lair.
 10860 | D:9      | Found a sparkling altar of Nemelex Xobeh.
 10957 | D:9      | Found a shattered altar of Ashenzari.
 10973 | D:9      | Found Noconosh's Jewellery Boutique.
 10982 | D:9      | Bought a cursed amulet of inaccuracy for 24 gold pieces
 11160 | D:10     | Entered Level 10 of the Dungeon
 11217 | D:10     | Reached XP level 11. HP: 74/74 MP: 18/27
 11254 | D:10     | Reached ***** piety under Vehumet
 11268 | D:10     | Noticed a green ugly thing
 11335 | D:10     | Offered knowledge of Delayed Fireball by Vehumet.
 11344 | D:10     | Learned a level 7 spell: Delayed Fireball
 11369 | D:10     | Reached skill level 1 in Fire Magic
 11392 | D:10     | Noticed an oklob plant
 11401 | D:10     | Found an ancient bone altar of Kikubaaqudgha.
 11506 | D:10     | Killed a green ugly thing
 11933 | D:10     | Found a staircase to the Orcish Mines.
 12140 | D:10     | Noticed a hill giant
 12142 | D:10     | Reached skill level 13 in Conjurations
 12146 | D:10     | Killed a hill giant
 12146 | D:10     | Reached skill level 5 in Dodging
 12605 | D:11     | Noticed a hill giant
 13090 | D:11     | Noticed a hill giant
 13158 | D:11     | Noticed a hill giant
 13159 | D:11     | Killed a hill giant
 13173 | D:11     | Killed a hill giant
 13173 | D:11     | Reached skill level 14 in Conjurations
 13189 | D:11     | Reached XP level 12. HP: 62/81 MP: 0/29
 13213 | D:11     | Noticed a seven-headed hydra
 13367 | D:11     | Killed a seven-headed hydra
 13751 | D:11     | Found a blossoming altar of Fedhas.
 13970 | Lair:1   | Entered Level 1 of the Lair of Beasts
 14000 | Lair:1   | Noticed a six-headed hydra
 14002 | Lair:1   | Killed a six-headed hydra
 14340 | Lair:1   | Noticed a six-headed hydra
 14345 | Lair:1   | Killed a six-headed hydra
 15070 | Lair:2   | Offered knowledge of Ozocubu's Refrigeration by Vehumet.
 15133 | Lair:2   | Reached skill level 15 in Conjurations
 15139 | Lair:2   | Noticed a four-headed hydra
 15145 | Lair:2   | Killed a four-headed hydra
 15145 | Lair:2   | Reached skill level 5 in Fire Magic
 16177 | Lair:3   | Found a staircase to the Swamp.
 16191 | Lair:3   | Noticed Snorg
 16195 | Lair:3   | Killed Snorg
 16353 | Lair:3   | Reached XP level 13. HP: 89/89 MP: 22/31
 16365 | Lair:3   | Offered knowledge of Conjure Ball Lightning by Vehumet.
 17013 | Lair:4   | Reached skill level 10 in Fighting
 17019 | Lair:4   | Reached skill level 1 in Armour
 17160 | Lair:4   | Noticed Nergalle
 17168 | Lair:4   | Killed Nergalle
 17443 | Lair:4   | Found a hole to the Spider Nest.
 18140 | Lair:5   | Reached skill level 5 in Armour
 18605 | Lair:5   | Reached skill level 1 in Evocations
 19594 | Lair:6   | Noticed Josephine
 19690 | Lair:6   | Offered knowledge of Freezing Cloud by Vehumet.
 19691 | Lair:6   | Killed Josephine
 19691 | Lair:6   | Reached skill level 5 in Evocations
 20729 | Lair:7   | Found a labyrinth entrance.
 20743 | Lab      | Entered a labyrinth
 20846 | Lab      | Found an exit through the horrors of the Abyss.
 21205 | Lab      | Noticed a minotaur
 21214 | Lab      | Killed a minotaur
 21216 | Lab      | Got a translucent brass amulet
 21290 | Lair:7   | Identified the amulet "Kam Juinn" {Regen+ Int+2} (You took it off a minotaur in a labyrinth)
 21941 | Lair:1   | Reached XP level 14. HP: 85/98 MP: 23/32
 22423 | Lair:7   | Found a staircase to the Slime Pits.
 22423 | Lair:7   | Found a viscous altar of Jiyva.
 22526 | Lair:7   | Reached ****** piety under Vehumet
 22819 | Lair:8   | Entered Level 8 of the Lair of Beasts
 22981 | Lair:8   | Offered knowledge of Poisonous Cloud by Vehumet.
 23479 | Lair:8   | Reached skill level 10 in Evocations
 24092 | Lair:8   | Reached skill level 1 in Shields
 24243 | Lair:8   | Got a transparent quarterstaff
 24346 | Lair:8   | Identified the cursed +1 quarterstaff "Worm" {antimagic, MR+ Int+2} (You found it on level 8 of the Lair of Beasts)
 25026 | Lair:8   | Reached skill level 5 in Shields
 25686 | Orc:1    | Entered Level 1 of the Orcish Mines
 25928 | Orc:2    | Entered Level 2 of the Orcish Mines
 25928 | Orc:2    | Found Azemanod's Gadget Emporium.
 26127 | Orc:2    | Found a staircase to the Elven Halls.
 26138 | Orc:1    | Offered knowledge of Spellforged Servitor by Vehumet.
 26367 | Orc:2    | Noticed Sonja
 26373 | Orc:2    | Killed Sonja
 26775 | Orc:2    | Found Siriemiq's Assorted Antiques.
 26775 | Orc:2    | Found Neufugot's Antique Weapon Shoppe.
 27079 | Orc:2    | Reached XP level 15. HP: 97/102 MP: 24/33
 27171 | Orc:2    | Noticed Saint Roka
 27407 | Orc:2    | Noticed an orc warlord
 27422 | Orc:2    | Killed an orc warlord
 28152 | Orc:1    | Offered knowledge of Bolt of Fire by Vehumet.
 28160 | Orc:1    | Learned a level 6 spell: Bolt of Fire
 29471 | Orc:2    | Killed from afar by Saint Roka

Skill      XL: |  1  2  3  4  5  6  7  8  9 10 11 12 13 14 15 |
---------------+----------------------------------------------+-----
Conjurations   | 5 6 7 8 10 12 14 15 | 15.6
Fighting       | 1 2 4 5 6 7 8 9 10 | 10.0
Spellcasting   | 3 4 5 7 8 9 11 12 13 14 | 14.1
Dodging        | 3 4 5 |  5.0
Fire Magic     | 3 7 8 |  8.3
Armour         | 6 |  6.0
Evocations     | 8 11 | 11.2
Shields        | 5 |  5.0
Stealth        | |  2.1

Action                   |  1- 3 |  4- 6 |  7- 9 | 10-12 | 13-15 || total
-------------------------+-------+-------+-------+-------+-------++-------
Melee: Short sword       |    22 |    10 |       |       |       ||    32
       Mace              |       |     1 |     1 |       |    16 ||    18
 Cast: Magic Dart        |    73 |   120 |   125 |   253 |   291 ||   862
       Searing Ray       |     5 |     7 |    24 |    42 |     5 ||    83
       Iskenderun's Myst |       |       |    64 |   187 |   408 ||   659
       Iskenderun's Batt |       |       |     5 |    64 |   138 ||   207
       Mephitic Cloud    |       |       |     3 |     6 |     8 ||    17
       Sticky Flame      |       |       |     1 |     8 |    69 ||    78
       Delayed Fireball  |       |       |       |     1 |     5 ||     6
       Lee's Rapid Decon |       |       |       |       |     1 ||     1
 Abil: Release Delayed F |       |       |       |       |     5 ||     5
       Evoke Flight      |       |       |       |       |     1 ||     1
  Use: Scroll            |       |     7 |     2 |     3 |     9 ||    21
       Potion            |       |       |       |       |     4 ||     4
  Eat: Chunk             |     3 |     7 |    19 |    30 |    50 ||   109
       Fruit             |       |       |       |     3 |     4 ||     7
Armor: Robe              |     2 |     5 |    13 |    26 |       ||    46
       Leather armour    |       |       |       |     3 |   139 ||   142
Dodge: Dodged            |    30 |    33 |    25 |    63 |   216 ||   367
Block: Buckler           |       |       |       |       |    40 ||    40
